 Dungeon Crawl Stone Soup version 0.30-a0-6-g7c9e10e132 (webtiles) character file.

Game seed: 12235125122332689878

132 Setbun the Magician (level 5, -2/35 HPs)
             Began as a Djinni Ice Elementalist on Aug 22, 2022.
             Slain by an orc wizard
             ... wielding a +0 dagger
              (3 damage)
             ... on level 3 of the Dungeon.
             The game lasted 00:02:54 (3462 turns).

Setbun the Magician (Djinni Ice Elementalist)       Turns: 3462, Time: 00:02:54

Health: -2/35      AC:  8    Str:  7    XL:     5   Next: 38%
Gold:   115        EV: 12    Int: 18    God:
                   SH:  0    Dex: 14

rFire   + + .      SeeInvis .    (no weapon)
rCold   x . .      Faith    .    (no shield)
rNeg    . . .      Spirit   .    a - +0 robe
rPois   ∞          Reflect  .    (no helmet)
rElec   .          Harm     .    (no cloak)
rCorr   .          Rampage  .    (no gloves)
Will    .....                    (boots unavailable)
Stlth   ++........               (no amulet)
HPRegen 0.11/turn                (no ring)
MPRegen 0.00/turn                (no ring)

@: ice-armoured, flying
A: sickness immunity, fire resistance 2, cold vulnerability 1, float, innate
caster, HP casting, extra vitality 1
a: no special abilities


You were on level 3 of the Dungeon.
You visited 1 branch of the dungeon, and saw 3 of its levels.

You collected 115 gold pieces.

Inventory:

Armour
 a - a +0 robe (worn)
Scrolls
 c - 2 scrolls of identify {unknown}
 f - 2 scrolls of vulnerability {unknown}
Potions
 b - 2 potions of magic {unknown}
 d - 2 potions of ambrosia {unknown}
 e - a potion of curing {unknown}


   Skills:
 - Level 2.1 Dodging
 - Level 1.5 Stealth
 * Level 4.9 Spellcasting


You couldn't memorise any spells.
You knew the following spells:

 Your Spells              Type           Power      Damage    Failure   Level
a - Freeze                Ice            88%        1d10      1%          1
b - Frozen Ramparts       Ice            44%        1d7       5%          3
c - Ozocubu's Armour      Ice            22%        N/A       5%          3
d - Hailstorm             Conj/Ice       22%        3d7       17%         4
e - Magic Dart            Conj           88%        1d7       1%          1
f - Scorch                Fire           44%        2d7       2%          2
Your spell library was empty.

Dungeon Overview and Level Annotations

Branches:
Dungeon (3/15)

Altars:

Shops:
D:3 *(


Innate Abilities, Weirdness & Mutations

You are immune to sickness and miasma.
You are immune to poison.
Your flesh is very heat resistant. (rF++)
You are vulnerable to cold. (rC-)
You float through the air rather than walking.
You learn spells naturally, not from books.
Your magical power is your life essence.
You have superior vitality. (+4 MHP)


Message History

The magic dart hits the orc.
The orc is moderately wounded.
An orc wizard comes into view. It is wielding a +0 dagger.
The magic dart hits the orc.
The orc is almost dead.
The magic dart hits the orc but does no damage.
The orc is almost dead.
The magic dart hits the orc.
You kill the orc!
The magic dart hits the orc priest but does no damage.
The orc wizard casts a spell.
The orc wizard flickers and vanishes!
Deactivating autopickup; reactivate with Ctrl-A.
Your magical contamination has completely faded away.
You are too injured to fight recklessly!
You are too injured to fight recklessly!
You are too injured to fight recklessly!
Unknown command.
Casting: Magic Dart (safe; 1% risk of failure)
Confirm with . or Enter, or press ? or * to list all spells.
A film of ice covers your body! The orc priest closely misses you.
Casting: Ozocubu's Armour (dangerous; 5% risk of failure)
Confirm with . or Enter, or press ? or * to list all spells.
Your icy armour thickens.
The orc priest mumbles some strange prayers to Beogh against you.
Pain shoots through your body!
* * * LOW HITPOINT WARNING * * *
Casting: Ozocubu's Armour (dangerous; 5% risk of failure)
Confirm with . or Enter, or press ? or * to list all spells.
Aiming: Magic Dart (safe; 1% risk of failure)
Press: ? - help, Shift-Dir - straight line, f/p - orc priest
Aim: an orc priest, wielding a +0 short sword and wearing a +0 ring mail (100% to hit)
The magic dart hits the orc priest but does no damage.
* * * LOW HITPOINT WARNING * * *
The orc priest closely misses you.
You barely miss the orc priest. Something hits you but does no damage.
The orc priest looks satisfied for a moment.
You hit the orc priest but do no damage.
Something hits you.
You die...

#...........#
#...........###
#.............#
#.............#
#.............#
#.............####
'........†.......#
#.............##.#
........#######@#
.............{o.......
.............o....##.
.... ............#
...)######### .... ...
..


You could see 2 orc priests.

Vanquished Creatures
  4 gnolls (D:3)
  3 adders
  A worm (D:2)
  4 orcs (D:3)
  5 ball pythons
  3 endoplasms
  3 giant cockroaches
  4 goblins
  4 hobgoblins
  8 jackals
  7 kobolds
  A quokka (D:1)
  4 bats
  2 frilled lizards
  5 rats
58 creatures vanquished.

Notes
Turn   | Place    | Note
-------+----------+-------------------------------------------
     0 | D:1      | Setbun the Djinni Ice Elementalist began the quest for the
                  | Orb.
     0 | D:1      | Setbun set off with the following spells memorised: Freeze,
                  | Frozen Ramparts, Ozocubu's Armour, Hailstorm.
     0 | D:1      | Reached XP level 1. HP: 15/15 MP: 0/0
    16 | D:1      | Found a faded altar of an unknown god.
   147 | D:1      | Reached XP level 2. HP: 11/21 MP: 0/0
   846 | D:1      | Reached XP level 3. HP: 24/25 MP: 0/0
   846 | D:1      | Learned a level 1 spell: Magic Dart
  1111 | D:1      | Reached skill level 4 in Spellcasting
  2094 | D:2      | Reached XP level 4. HP: 24/31 MP: 0/0
  3034 | D:3      | Reached XP level 5. HP: 22/35 MP: 0/0
  3034 | D:3      | Learned a level 2 spell: Scorch
  3202 | D:3      | Found Ceihan's Antique Weapon Boutique.
  3259 | D:3      | Found Woom Pao's General Store.
  3462 | D:3      | Slain by an orc wizard

Illustrated notes

Levels and vault maps discovered:
D:1:      saegor_arrival_simple_e, layout_basic,
          hellmonk_ecumenical_altar_lost_god
D:2:      layout_loops_ring, patterned_corridor
D:3:      layout_basic, marbit_many_paths, gammafunk_temple_overflow_pools,
          serial_shops, shop, shop, nicolae_shop_advertising_works
          [nicolae_subvault_shop_adworks], nicolae_shop_window_shopping

Skill      XL: |  1  2  3 |
---------------+----------+-----
Spellcasting   | 4 |  4.9
Dodging        | |  2.1
Stealth        | |  1.5

Action                   |  1- 3 |  4- 6 || total
-------------------------+-------+-------++-------
Melee: Unarmed           |     7 |     3 ||    10
       Punch             |     1 |       ||     1
 Cast: Freeze            |    54 |    18 ||    72
       Magic Dart        |       |    31 ||    31
       Ozocubu's Armour  |       |     3 ||     3
       Frozen Ramparts   |       |     1 ||     1
Armor: Robe              |    11 |     4 ||    15
Dodge: Dodged            |    48 |    13 ||    61

Table legend: (Time is in decaauts)
 A = Elapsed time spent in this place.
 B = Non-inter-level travel time spent in this place.
 C = Inter-level travel time spent in this place.
 D = Time resting spent in this place.
 E = Time spent auto-exploring this place.
 F = Levels seen in this place.
 G = Mean time per level.
                   A        B        C        D        E       F      G
               +--------+--------+--------+--------+--------+-----+--------+
         Total |   3461 |   3409 |     52 |    507 |   2625 |   3 | 1153.7 |
       Dungeon |   3461 |   3409 |     52 |    507 |   2625 |   3 | 1153.7 |
               +--------+--------+--------+--------+--------+-----+--------+

Top non-repeatable levels by time:
     D:2: 1420 daAuts
     D:1: 1372 daAuts
     D:3: 668 daAuts
